 Dungeon Crawl Stone Soup version 0.29-a0-504-gec6baf379c (console) character file.

Game seed: 6808166426083875290

6027 Faeu the Grappler (level 10, -3/90 HPs)
             Began as a Troll Berserker on May 28, 2022.
             Was a Believer of Trog.
             Slain by a chaos spawn (13 damage)
             ... summoned by a kobold demonologist
             ... on level 10 of the Dungeon.
             The game lasted 00:43:42 (8926 turns).

Faeu the Grappler (Troll Berserker)                 Turns: 8926, Time: 00:43:43

Health: -3/90      AC: 11    Str: 31    XL:     10   Next: 56%
Magic:  9/9        EV: 12    Int:  3    God:    Trog [**....]
Gold:   684        SH:  5    Dex:  9    Spells: 9/9 levels left

rFire   x . .      SeeInvis .     - Unarmed
rCold   + + +      Faith    .   (no shield)
rNeg    . . .      Spirit   .   E - +0 ice dragon scales
rPois   .          Reflect  +   (helmet restricted)
rElec   .          Harm     .   (no cloak)
rCorr   .          Rampage  .   (gloves unavailable)
Will    .....                   (boots unavailable)
Stlth   ..........              B - amulet of reflection
HPRegen 1.05/turn               k - +4 ring of evasion
MPRegen 0.11/turn               (no ring)

@: on berserk cooldown, slowed, very slow
A: reduced essence, large, unfitting armour, claws 3, regeneration 1, shaggy fur
1, tough skin 1, cold resistance 1, subdued magic 1
a: Renounce Religion, Berserk, Trog's Hand


You were on level 10 of the Dungeon.
You worshipped Trog.
Trog was pleased with you.
You visited 2 branches of the dungeon, and saw 11 of its levels.
You also visited: Ossuary.

You collected 684 gold pieces.


Innate Abilities, Weirdness & Mutations

Your life essence is reduced to manifest your ancestor. (-10% HP)
You are too large for most types of armour.
You have claws for hands.
Your natural rate of healing is unusually fast.
You are covered in fur. (AC +1)
You have tough skin. (AC +1)
Your flesh is cold resistant. (rC+)
Your spells are a little easier to cast, but a little less powerful.


   Skills:
 + Level 6.9 Fighting
 - Level 2.4 Dodging
 + Level 14.2 Unarmed Combat


You had 9 spell levels left.
You didn't know any spells.
Your spell library contained the following spells:

 Spells                   Type           Power      Damage    Failure   Level
 Summon Small Mammal      Summ           0%         N/A       80%         1
 Call Canine Familiar     Summ           0%         N/A       99%         3
 Portal Projectile        Hex/Tloc       0%         N/A       99%         3
 Stone Arrow              Conj/Erth      0%         3d7       99%         3
 Summon Guardian Golem    Hex/Summ       0%         N/A       99%         3
 Tukima's Dance           Hex            0%         N/A       99%         3
 Animate Armour           Summ/Erth      0%         N/A       100%        4
 Leda's Liquefaction      Hex/Erth       0%         N/A       100%        4
 Passage of Golubria      Tloc           0%         N/A       100%        4
 Yara's Violent Unravell  Hex/Tmut       0%         3d3       100%        5
 Lehudib's Crystal Spear  Conj/Erth      0%         10d2      100%        8

Inventory:

Hand Weapons
 N - a +4 antimagic dire flail {mace}
   (Trog gifted it to you on level 6 of the Dungeon)
 O - the +2 dagger of Ysafolic {vorpal, rN+, short}
   (You found it on level 6 of the Dungeon)

   It inflicts extra damage upon your enemies.
   rN:        It protects you from negative energy.
 W - the +10 dagger of Muhykk {spect, rC+ rN+ rCorr, short}
   (You found it on level 8 of the Dungeon)

   When its wielder attacks, the weapon's spirit leaps out and strikes again.
   The spirit shares a part of any damage it takes with its wielder.
   rC:        It protects you from cold.
   rN:        It protects you from negative energy.
   rCorr:     It protects you from acid and corrosion.
Missiles
 a - 5 large rocks {=fthrowing}
 c - 27 poisoned darts (quivered) {throwing}
 d - 429 stones {throwing}
 h - 2 throwing nets {=f!fthrowing}
 t - 3 boomerangs {throwing}
 u - 4 javelins {throwing}
 J - 3 boomerangs of dispersal {=f!fthrowing}
 Y - a curare-tipped dart {=fthrowing}
Armour
 E - +0 ice dragon scales (worn)
   (You found it on level 5 of the Dungeon)
 Z - a +2 animal skin
   (You took it off Grum on level 9 of the Dungeon)
Jewellery
 g - a ring of protection from fire
   (You found it in an ossuary)
 k - a +4 ring of evasion (left claw)
   (You found it in an ossuary)
 B - an amulet of reflection (around neck)
   (You took it off a kobold brigand on level 4 of the Dungeon)
Wands
 v - a wand of mindburst (26)
   (You took it off Pikel on level 4 of the Dungeon)
 w - a wand of digging (2)
   (You took it off Ijyb on level 4 of the Dungeon)
 G - a wand of polymorph (7)
   (You found it on level 5 of the Dungeon)
 I - a wand of flame (21)
   (You took it off an orc on level 6 of the Dungeon)
 R - a wand of charming (12)
   (You found it on level 7 of the Dungeon)
Scrolls
 b - 3 scrolls of noise {!r}
 f - 4 scrolls of amnesia
 i - 2 scrolls of fog
 l - 7 scrolls of magic mapping {!r}
 p - 6 scrolls of enchant armour
 y - 3 scrolls of blinking {!r}
 z - 7 scrolls of teleportation {@r4}
 D - a scroll of silence {!r}
 F - 7 scrolls of fear
 V - a scroll of acquirement {unknown}
 X - a scroll of immolation {unknown}
Potions
 e - 5 potions of brilliance
 j - 4 potions of degeneration {!q@e2}
 m - 5 potions of mutation {!q}
 n - a potion of cancellation {unknown}
 o - 2 potions of might {unknown}
 q - 3 potions of heal wounds {unknown}
 r - 2 potions of haste {unknown}
 s - 3 potions of attraction {!q}
 x - a potion of curing {@q1}
 A - 4 potions of lignification {!q}
 C - 2 potions of flight {unknown}
 P - a potion of invisibility {unknown}

Dungeon Overview and Level Annotations

Branches:
Dungeon (10/15)            Temple (1/1) D:6             Orc (0/2) D:9
Ossuary (visited)
   Lair: D:8-11

Altars:
Ashenzari
Cheibriados
Dithmenos
Elyvilon
Fedhas
Gozag
Hepliaklqana
Kikubaaqudgha
Makhleb
Nemelex Xobeh
Qazlal
Ru
Sif Muna
Trog
Uskayaw
Vehumet
Wu Jian
Xom
Yredelemnul
Zin
The Shining One

Shops:
D:7 ?

Annotations:
D:8 exclusion: oklob plant

#.. ##..## .# #.####...#
.## #..##....# ..# ..
#........# ####..###.#
#......4Y####.........#
###.......K.o...........#
..........)4.D...........
......###########5..####
)......## #YYY##
........### #K4##
..o.......######@5#
.................5#
..........)......##
...........#......#
####......######..#
##....## ##.... ##...##
...# ##....# #.##
###.....# .. #....#..#
...####.#


You could see a kobold demonologist, 3 yaks, a chaos spawn (summoned), 2 quasits
and a crimson imp (summoned).


Message History

Trog accepts your kill.
You are engulfed in a cloud of scalding steam.
The orc warrior hits you from afar with a +0 glaive!
* * * LOW HITPOINT WARNING * * *
The warg is engulfed in a cloud of scalding steam.
The warg bites you!
* * * LOW HITPOINT WARNING * * *
The warg is engulfed in a cloud of scalding steam.
You block the warg's attack. 😨 HP[-17]
You take 17 damage, and now have 51/135 hp.
You closely miss the warg. You claw the warg!
You are engulfed in a cloud of scalding steam.
The warg is engulfed in a cloud of scalding steam.
The warg bites you.
* * * LOW HITPOINT WARNING * * *
You eviscerate the warg!!!
You kill the warg!
Trog accepts your kill.
You can now call upon Trog for regeneration and willpower.
You are engulfed in a cloud of scalding steam.
* * * LOW HITPOINT WARNING * * *
The orc warrior is engulfed in a cloud of scalding steam.
The orc warrior barely misses you. The chaos spawn misses you. 😨 HP[-4]
You take 4 damage, and now have 47/135 hp.
You mangle the warg!!
You kill the warg!
Trog accepts your kill. 😨 HP[+1]
You claw the chaos spawn!
A yak comes into view.
The warg closely misses you. 😨 HP[+1]
You mangle the chaos spawn!!
You kill the chaos spawn!
The chaos spawn degenerates into a cloud of primal chaos!
You mangle the warg!!
You kill the warg!
Trog accepts your kill.
The orc warrior hits you from afar with a +0 glaive.
* * * LOW HITPOINT WARNING * * *
😨 HP[-5]
You take 5 damage, and now have 44/135 hp.
You mangle the yak!! You mangle the yak!!
You kill the yak!
Trog accepts your kill.
A yak comes into view. x2
The orc warrior hits you but does no damage. 😨 HP[+1]
The yak bellows! x2
You mangle the ufetubus!!
You kill the ufetubus!
The ufetubus disappears in a puff of smoke!
The kobold demonologist looks encouraged for a moment.
A yak comes into view.
The orc warrior closely misses you.
The yak bellows! 😨 HP[+1]
Things that are here:
a +0 long sword {long}; a +0 chain mail; a warg corpse You barely miss the orc warrior.
The kobold demonologist miscasts a cantrip.
The chaos spawn hits you!
* * * LOW HITPOINT WARNING * * *
The chaos spawn shocks you!
* * * LOW HITPOINT WARNING * * *
The orc warrior closely misses you. 😱 HP[-18]
You take 18 damage, and now have 28/135 hp.
You closely miss the orc warrior. 😱 HP[+1]
You claw the orc warrior! Your claw misses the orc warrior.
The chaos spawn hits you.
* * * LOW HITPOINT WARNING * * *
The chaos spawn freezes you. You resist.
* * * LOW HITPOINT WARNING * * *
The orc warrior barely misses you. 😱 HP[-8]
You take 8 damage, and now have 21/135 hp.
You closely miss the orc warrior. 😱 HP[+1]
You mangle the orc warrior!!
You kill the orc warrior!
Trog accepts your kill.
You are no longer berserk.
You are exhausted.
You feel yourself slow down. The chaos spawn hits you.
* * * LOW HITPOINT WARNING * * *
The chaos spawn freezes you. You resist.
* * * LOW HITPOINT WARNING * * *
😱 HP[-13]
You now have 90 max hp (-45).
You mangle the kobold demonologist!!
You hear a shout!
The kobold demonologist mumbles some strange words.
The chaos spawn hits you!
You die...

Skill      XL: |  1  2  3  4  5  6  7  8  9 10 |
---------------+-------------------------------+-----
Unarmed Combat | 4 5 7 8 10 12 13 14 | 14.2
Fighting       | 3 5 6 |  6.9
Dodging        | |  2.4

Action                   |  1- 3 |  4- 6 |  7- 9 | 10-12 || total
-------------------------+-------+-------+-------+-------++-------
Melee: Unarmed           |   128 |    83 |   349 |   330 ||   890
       Punch             |     2 |     2 |    14 |    17 ||    35
       Dagger            |       |       |       |    14 ||    14
Invok: Berserk           |       |       |       |     1 ||     1
  Use: Potion            |       |     1 |     3 |       ||     4
       Scroll            |       |     3 |     2 |     5 ||    10
 Stab: Sleeping          |     1 |       |       |       ||     1
Armor: Animal skin       |    37 |    27 |    50 |     7 ||   121
       Ice dragon scales |       |       |       |    81 ||    81
Dodge: Dodged            |    54 |    40 |   140 |   143 ||   377
Block: Other             |       |       |    35 |    66 ||   101
       Reflection        |       |       |     1 |     2 ||     3

Levels and vault maps discovered:
D:1:      dpeg_arrival_concentric_ovals, layout_basic
D:2:      layout_loops_ring, chequers_ecumenical_altar_island
D:3:      layout_loops_corners, minivault_14, chequers_serial_rivers_small_b,
          uniq_crazy_yiuf_cottage
D:4:      layout_cave_pools, enter_ossuary_5, uniq_eustachio, uniq_grinder,
          uniq_blork_the_orc, uniq_pikel, uniq_menkaure, uniq_duvessa, uniq_ijyb
D:5:      layout_cave_pools
D:6:      corexii_shantytown, layout_basic, minmay_temple_entry_trees,
          uniq_sigmund
D:7:      layout_loops_cross, serial_shops, nicolae_diamond_shop
D:8:      lemuel_slime, layout_loops_corners, jmf_multi_god_temple
D:9:      layout_loops_corners, nicolae_overflow_crystal_walls,
          david_orc_1_choice, minmay_lizard_king, uniq_joseph, uniq_grum
D:10:     layout_layer_cave, mainiacjoe_overflow_concentric_impassable,
          lair_entry_dummy, minmay_misc_feat_square, nooodl_orcs_dogs,
          uniq_urug, uniq_maurice
Temple:   dpeg_five_rooms_temple

Notes
Turn   | Place    | Note
-------+----------+-------------------------------------------
     0 | D:1      | Faeu the Troll Berserker began the quest for the Orb.
     0 | D:1      | Reached XP level 1. HP: 22/22 MP: 0/0
     0 | D:1      | magus.rc [v1.9.6]
    98 | D:1      | You pick up a book of the Hunter {forbidden} and begin
                  | reading...
    98 | D:1      | You add the spells Call Canine Familiar, Portal Projectile
                  | and Leda's Liquefaction to your library.
   127 | D:1      | Reached XP level 2. HP: 28/29 MP: 1/1
   475 | D:1      | Reached skill level 4 in Unarmed Combat
   802 | D:1      | Reached XP level 3. HP: 36/36 MP: 2/2
  1272 | D:2      | Reached ** piety under Trog
  1326 | D:2      | Found a faded altar of an unknown god.
  1354 | D:2      | You pick up a book of Armaments {forbidden} and begin
                  | reading...
  1354 | D:2      | You add the spells Stone Arrow, Animate Armour and
                  | Lehudib's Crystal Spear to your library.
  1640 | D:3      | Reached skill level 5 in Unarmed Combat
  1640 | D:3      | Reached XP level 4. HP: 34/44 MP: 3/3
  1864 | D:3      | Reached XP level 5. HP: 30/50 MP: 4/4
  1876 | D:3      | HP: 11/50 [orc/+0 mace (4)]
  1881 | D:3      | Reached skill level 6 in Unarmed Combat
  1881 | D:3      | HP: 9/50 [orc/+0 mace (1)]
  2161 | D:3      | You fall into a shaft and drop 2 floors!
  2161 | D:5      | Entered Level 5 of the Dungeon
  2195 | D:4      | Noticed Menkaure
  2200 | D:4      | Reached *** piety under Trog
  2206 | D:4      | Gained mutation: Your spells are a little easier to cast,
                  | but a little less powerful. [potion of mutation]
  2206 | D:4      | Gained mutation: Your flesh is cold resistant. (rC+)
                  | [potion of mutation]
  2211 | D:4      | Killed Menkaure
  2212 | D:4      | Reached skill level 7 in Unarmed Combat
  2212 | D:4      | Reached XP level 6. HP: 31/59 MP: 5/5
  2287 | D:4      | Noticed Eustachio
  2305 | D:4      | Killed Eustachio
  2306 | D:4      | Reached skill level 8 in Unarmed Combat
  2341 | D:4      | Noticed Grinder
  2343 | D:4      | Reached XP level 7. HP: 66/66 MP: 6/6
  2352 | D:4      | Paralysed by Grinder for 2 turns
  2357 | D:4      | Paralysed by Grinder for 3 turns
  2365 | D:4      | Killed Grinder
  2392 | D:4      | Reached skill level 9 in Unarmed Combat
  2397 | D:4      | Noticed Blork the orc
  2401 | D:4      | Noticed Duvessa
  2406 | D:4      | Killed Blork the orc
  2411 | D:4      | Killed Duvessa
  2416 | D:4      | Noticed Dowan
  2432 | D:4      | Killed Dowan
  2479 | D:4      | Reached skill level 10 in Unarmed Combat
  2479 | D:4      | Reached XP level 8. HP: 58/74 MP: 7/7
  2715 | D:4      | Found a sand-covered staircase.
  2720 | Ossuary  | Entered an ossuary
  2860 | Ossuary  | Reached **** piety under Trog
  2916 | Ossuary  | Reached skill level 11 in Unarmed Combat
  2929 | Ossuary  | HP: 16/74 [human zombie (5)]
  3133 | Ossuary  | Reached skill level 12 in Unarmed Combat
  3244 | D:4      | Noticed Pikel
  3248 | D:4      | Killed Pikel
  3249 | D:4      | Reached skill level 3 in Fighting
  3249 | D:4      | Reached XP level 9. HP: 73/83 MP: 8/8
  3329 | D:4      | Noticed Ijyb
  3338 | D:4      | Killed Ijyb
  3711 | D:5      | Reached skill level 4 in Fighting
  4004 | D:6      | Reached ***** piety under Trog
  4051 | D:6      | Found a staircase to the Ecumenical Temple.
  4060 | Temple   | Entered the Ecumenical Temple
  4579 | D:6      | Noticed Sigmund
  4590 | D:6      | Killed Sigmund
  4591 | D:6      | Reached skill level 13 in Unarmed Combat
  4762 | D:6      | Reached skill level 5 in Fighting
  4769 | D:6      | You add the spells Tukima's Dance, Passage of Golubria and
                  | Yara's Violent Unravelling to your library.
  4866 | D:6      | Received a gift from Trog
  4878 | D:6      | Identified the +2 dagger of Ysafolic {vorpal, rN+}
  5132 | D:7      | HP: 20/88 [howler monkey (5)]
  5226 | D:7      | Found Yklutt's Magic Scroll Shoppe.
  5233 | D:7      | Reached XP level 10. HP: 93/96 MP: 9/9
  5919 | D:8      | Identified the +10 dagger of Muhykk {spect, rC+ rN+ rCorr}
  5970 | D:8      | Found a radiant altar of Vehumet.
  5970 | D:8      | Found a basalt altar of Yredelemnul.
  6178 | D:8      | Reached skill level 6 in Fighting
  6232 | D:8      | Noticed a two-headed ogre
  6241 | D:8      | Killed a two-headed ogre
  6340 | D:8      | Reached skill level 14 in Unarmed Combat
  6423 | D:8      | Identified the +1 ring mail of Omaxky {rF+ rC+}
  6933 | D:8      | Noticed an oklob plant
  7140 | D:9      | Found a hazy altar of Hepliaklqana.
  7148 | D:9      | Fell from the grace of Trog
  7148 | D:9      | Became a worshipper of Hepliaklqana the Forgotten
  7293 | Temple   | Fell from the grace of Hepliaklqana
  7293 | Temple   | Became a worshipper of Trog the Wrathful
  7452 | D:9      | Noticed Joseph
  7459 | D:9      | Killed Joseph
  7553 | D:9      | Found a staircase to the Orcish Mines.
  7694 | D:9      | You pick up a book of Callings {forbidden} and begin
                  | reading...
  7694 | D:9      | You add the spells Summon Small Mammal and Summon Guardian
                  | Golem to your library.
  7899 | D:9      | Reached * piety under Trog
  8104 | D:9      | Noticed Grum
  8125 | D:9      | Killed Grum
  8665 | D:10     | Entered Level 10 of the Dungeon
  8795 | D:10     | Noticed Urug
  8806 | D:10     | Killed Urug
  8892 | D:10     | Noticed an orange demon
  8921 | D:10     | HP: 28/135 [chaos spawn[a kobold demonologist] (7)]
  8925 | D:10     | HP: 10/90 [chaos spawn[a kobold demonologist] (5)]
  8926 | D:10     | Slain by a chaos spawn

Vanquished Creatures
  A two-headed ogre (D:8)
  Urug (D:10)
  Pikel (D:4)
  Joseph (D:9)
  2 unseen horrors (D:10)
  A komodo dragon (D:9)
  A troll (D:10)
  Grinder (D:4)
  Sigmund (D:6)
  2 wyverns (D:9)
  A yak (D:10)
  Eustachio (D:4)
  Grum (D:9)
  2 steam dragons
  6 wargs
  Menkaure (D:4)
  A water moccasin (D:8)
  Duvessa (D:4)
  7 orc warriors
  3 black bears
  2 ice beasts (D:8)
  An ogre (D:6)
  2 wolves (D:9)
  2 lemures (D:4)
  A centaur (D:9)
  A phantom (D:4)
  3 kobold brigands
  Blork the orc (D:4)
  3 bullfrogs
  14 scorpions
  A gnoll sergeant (D:8)
  Dowan (D:4)
  26 killer bees
  6 howler monkeys
  3 human zombies (Ossuary)
  3 orc priests
  2 hounds
  10 jellies
  11 orc wizards
  Ijyb (D:4)
  4 scorpion zombies (Ossuary)
  12 iguanas
  3 mummies (Ossuary)
  3 gnolls (D:6)
  3 adders
  2 shadow imps
  3 dart slugs (D:4)
  42 orcs
  6 bats
  17 endoplasms
  6 giant cockroaches
  10 hobgoblins
  4 jackals (D:5)
  6 quokkas
  11 ball pythons
  5 frilled lizards
  19 goblins
  2 goblin zombies (Ossuary)
  2 hobgoblin zombies (Ossuary)
  24 kobolds
  3 kobold zombies (Ossuary)
  8 rats
325 creatures vanquished.

Vanquished Creatures (others)
  6 fungi (D:8)
  4 plants (D:9)
10 creatures vanquished.

Grand Total: 335 creatures vanquished

Table legend:
 A = Non-vault XP
 B = Vault XP
 C = Vault XP percentage of total XP
 D = Non-vault monster count
 E = Vault monster count
 F = Vault count percentage of total count
                 A         B        C        D         E       F
            +---------+---------+-------+---------+---------+-------
      Total |    4919 |    3691 |  42.9 |     211 |     112 |  34.7
            +---------+---------+-------+---------+---------+-------
        D:1 |      48 |       0 |   0.0 |      29 |       0 |   0.0
        D:2 |      34 |       0 |   0.0 |      19 |       0 |   0.0
        D:3 |     183 |       0 |   0.0 |      17 |       0 |   0.0
        D:4 |     372 |    1619 |  81.3 |      27 |       8 |  22.9
        D:5 |     491 |       0 |   0.0 |      14 |       0 |   0.0
        D:6 |     583 |     306 |  34.4 |      25 |      28 |  52.8
        D:7 |     942 |       0 |   0.0 |      18 |       0 |   0.0
        D:8 |    2056 |     521 |  20.2 |      27 |      17 |  38.6
        D:9 |     210 |       0 |   0.0 |      26 |      25 |  49.0
       D:10 |       0 |       0 |   N/A |       9 |       6 |  40.0
    Ossuary |       0 |    1245 | 100.0 |       0 |      28 | 100.0
            +---------+---------+-------+---------+---------+-------

Illustrated notes

Table legend:
 A = Kills in this place as a percentage of kills in entire the game.
 B = Kills by you in this place as a percentage of kills by you in the entire game.
 C = Kills by friends in this place as a percentage of kills by friends in the entire game.
 D = Other kills in this place as a percentage of other kills in the entire game.
 E = Experience gained in this place as a percentage of experience gained in the entire game.
 F = Experience gained in this place divided by the number of levels of this place that you have seen.
                   A       B       C       D       E      F
               +-------+-------+-------+-------+-------+----------------------
         Total | 100.0 | 100.0 |   N/A |   N/A | 100.0 | 717.5
       Dungeon |  91.3 |  91.3 |   N/A |   N/A |  85.5 | 736.5
       Ossuary |   8.7 |   8.7 |   N/A |   N/A |  14.5 | 1245.0
               +-------+-------+-------+-------+-------+----------------------

Table legend: (Time is in decaauts)
 A = Elapsed time spent in this place.
 B = Non-inter-level travel time spent in this place.
 C = Inter-level travel time spent in this place.
 D = Time resting spent in this place.
 E = Time spent auto-exploring this place.
 F = Levels seen in this place.
 G = Mean time per level.
                   A        B        C        D        E       F      G
               +--------+--------+--------+--------+--------+-----+--------+
         Total |   8797 |   8210 |    587 |    422 |   4379 |  12 |  733.1 |
       Dungeon |   7972 |   7546 |    426 |    376 |   4034 |  10 |  797.2 |
        Temple |    377 |    216 |    161 |      0 |    203 |   1 |  377.0 |
       Ossuary |    447 |    447 |      0 |     46 |    142 |   1 |  447.0 |
               +--------+--------+--------+--------+--------+-----+--------+

Top non-repeatable levels by time:
     D:8: 1346 daAuts
     D:9: 1296 daAuts
     D:1: 947 daAuts
     D:4: 829 daAuts
     D:6: 806 daAuts
     D:7: 785 daAuts
     D:2: 611 daAuts
     D:3: 590 daAuts
     D:5: 516 daAuts
 Ossuary: 447 daAuts
  Temple: 377 daAuts
    D:10: 241 daAuts
